 Dungeon Crawl Stone Soup version 0.29.1-4-g47bece8355 (webtiles) character file.

Game seed: 1513319733882123214

489 zeram the Covert (level 7, -4/45 HPs)
             Began as an Octopode Brigand on Dec 9, 2022.
             Slain by an orc warrior
             ... wielding a +0 flail
              (16 damage)
             ... on level 4 of the Dungeon.
             The game lasted 00:03:46 (3706 turns).

zeram the Covert (Octopode Brigand)                 Turns: 3706, Time: 00:03:47

Health: -4/45      AC:  1    Str: 11    XL:     7   Next: 14%
Magic:  7/7        EV: 13    Int: 15    God:
Gold:   139        SH:  0    Dex: 13    Spells: 6/6 levels left

rFire   . . .      SeeInvis .   a - +3 dagger
rCold   . . .      Faith    .   (no shield)
rNeg    . . .      Spirit   .   (helmet restricted)
rPois   .          Reflect  .   (no amulet)
rElec   .          Harm     .   (no ring)
rCorr   .          Rampage  .   (no ring)
Will    .....                   (no ring)
Stlth   ++++++....              (no ring)
HPRegen 0.15/turn               (no ring)
MPRegen 0.10/turn               (no ring)
                                (no ring)
                                (no ring)

@: lethally poisoned (-4 -> -20)
A: almost no armour, amphibious, 8 rings, camouflage 1, gelatinous body 1,
(nimble swimmer 1), tentacles
a: no special abilities


You were on level 4 of the Dungeon.
You visited 1 branch of the dungeon, and saw 4 of its levels.

You collected 139 gold pieces.

Inventory:

Hand Weapons
 a - a +3 dagger (weapon)
 k - a +0 dagger of distortion
Missiles
 b - 11 poisoned darts (quivered)
 c - 3 curare-tipped darts
Jewellery
 m - a ring of ice
Wands
 j - a wand of paralysis (3)
Scrolls
 e - 3 scrolls of noise {unknown}
 i - a scroll of enchant weapon
Potions
 g - a potion of brilliance {unknown}
 h - a potion of cancellation {unknown}
 l - a potion of attraction {unknown}
 n - a potion of might {unknown}
 o - 2 potions of resistance {unknown}
 p - a potion of curing {unknown}


   Skills:
 - Level 2.0 Fighting
 + Level 2.8 Short Blades
 - Level 2.0 Throwing
 + Level 1.8 Dodging
 + Level 11.0 Stealth


You had 6 spell levels left.
You didn't know any spells.
Your spell library contained the following spells:

 Spells                   Type           Power      Damage    Failure   Level
 Freeze                   Ice            0%         1d3       26%         1
 Frozen Ramparts          Ice            0%         1d1       63%         3
 Hailstorm                Conj/Ice       0%         3d3       95%         4


Dungeon Overview and Level Annotations

Branches:
Dungeon (4/15)
 Temple: D:4-7

Altars:
Ashenzari
Gozag
Ru
Yredelemnul


Innate Abilities, Weirdness & Mutations

You cannot wear most types of armour.
You are amphibious.
You can wear up to eight rings at the same time.
Your skin changes colour to match your surroundings (Stealth+).
Your rubbery body absorbs attacks. (AC +1, EV +1)
((You are camouflaged when in or above water. (Stealth+)))
You have tentacles for arms and can constrict up to eight enemies at once.


Message History

You constrict the orc warrior, but do no damage.
The orc warrior closely misses you.
The orc shouts!
You hit the orc warrior.
The orc warrior is severely wounded.
You constrict the orc warrior, but do no damage.
The orc closely misses you. The orc warrior barely misses you.
You hit the orc warrior but do no damage.
The orc warrior is severely wounded.
You constrict the orc warrior. The orc closely misses you.
The orc warrior barely misses you.
You hit the orc warrior but do no damage.
The orc warrior is severely wounded.
You constrict the orc warrior, but do no damage.
You hit the orc warrior but do no damage.
The orc warrior is severely wounded.
You constrict the orc warrior. The orc hits you but does no damage.
The orc warrior completely misses you.
You hit the orc warrior but do no damage.
The orc warrior is almost dead.
You constrict the orc warrior, but do no damage.
The orc hits you from afar with a +0 trident of venom.
You are poisoned.
The orc warrior misses you.
You hit the orc warrior but do no damage.
The orc warrior is almost dead.
You constrict the orc warrior.
You feel very sick. The orc hits you but does no damage.
You are lethally poisoned!
The orc warrior misses you.
You hit the orc warrior but do no damage.
You squeeze the orc warrior, but do no damage.
The orc warrior is almost dead.
You constrict the orc warrior.
* * * LOW HITPOINT WARNING * * *
You feel very sick. The orc barely misses you.
The orc warrior hits you with a +0 flail!
You die...

#.# #.# #.# ..#
#.# #.# #.# #)# #
#@# # #.##o##.#
#..og)..#
####.##.# ####.# #
#....# #.##.##
#.#...###########.
#.................


You could see an orc warrior, an orc and a goblin.

Vanquished Creatures
  Sigmund (D:2)
  Duvessa (D:4)
  Dowan (D:4)
  Jessica (D:2)
  An iguana (D:3)
  A hound zombie (D:3)
  4 gnolls
  A worm (D:3)
  4 dart slugs
  4 orcs
  2 ball pythons (D:1)
  6 endoplasms
  3 giant cockroaches
  7 goblins
  4 hobgoblins
  6 jackals
  3 kobolds
  2 quokkas
  A ball python zombie (D:3)
  A bat (D:1)
  5 frilled lizards
  5 rats
64 creatures vanquished.

Notes
Turn   | Place    | Note
-------+----------+-------------------------------------------
     0 | D:1      | zeram the Octopode Brigand began the quest for the Orb.
     0 | D:1      | Reached XP level 1. HP: 14/14 MP: 1/1
   137 | D:1      | Reached skill level 6 in Stealth
   137 | D:1      | Reached XP level 2. HP: 19/19 MP: 2/2
   378 | D:1      | Reached XP level 3. HP: 24/24 MP: 3/3
   736 | D:1      | Reached skill level 7 in Stealth
  1104 | D:2      | Noticed Sigmund
  1109 | D:2      | Killed Sigmund
  1110 | D:2      | Reached skill level 9 in Stealth
  1110 | D:2      | Reached XP level 4. HP: 29/29 MP: 4/4
  1110 | D:2      | Reached XP level 5. HP: 34/34 MP: 5/5
  1244 | D:2      | Reached XP level 6. HP: 11/39 MP: 6/6
  1628 | D:2      | Found a faded altar of an unknown god.
  1678 | D:2      | Noticed Jessica
  1685 | D:2      | Killed Jessica
  1686 | D:2      | Reached skill level 10 in Stealth
  2446 | D:3      | Found a broken altar of Ashenzari.
  2881 | D:3      | Found an opulent altar of Gozag.
  3041 | D:3      | Found a sacrificial altar of Ru.
  3452 | D:3      | Found a basalt altar of Yredelemnul.
  3518 | D:4      | Noticed Dowan
  3519 | D:4      | Noticed Duvessa
  3531 | D:4      | Killed Duvessa
  3532 | D:4      | Reached XP level 7. HP: 20/45 MP: 7/7
  3540 | D:4      | Killed Dowan
  3541 | D:4      | Reached skill level 11 in Stealth
  3706 | D:4      | Slain by an orc warrior

Illustrated notes

Levels and vault maps discovered:
D:1:      minmay_arrival_wavy_path, layout_loops_ring
D:2:      layout_basic, shapermc_ecumenical_altar_hornbeckon, minmay_surrounded,
          uniq_jessica, uniq_sigmund
D:3:      layout_basic, ashenzari_conservatory_becter, lemuel_crystal_altar,
          mainiacjoe_overflow_alcove_2, lemuel_zombie_altar_yredelemnul,
          dreamdust_princess_bridge
D:4:      layout_loops_ring, minmay_increasing_density, uniq_duvessa

Skill      XL: |  1  2  3  4  5  6  7 |
---------------+----------------------+-----
Stealth        | 6 9 10 11 | 11.0
Fighting       | |  2.0
Short Blades   | |  2.8
Throwing       | |  2.0
Dodging        | |  1.8

Action                   |  1- 3 |  4- 6 |  7- 9 || total
-------------------------+-------+-------+-------++-------
Melee: Dagger            |    50 |    68 |    28 ||   146
       Tentacles         |     5 |    18 |     2 ||    25
       Constrict         |     8 |    16 |     6 ||    30
       Punch             |       |       |     2 ||     2
Throw: Dart              |       |     5 |       ||     5
  Use: Scroll            |       |     4 |     1 ||     5
       Potion            |       |     1 |     1 ||     2
 Stab: Sleeping          |    19 |    10 |       ||    29
       Fleeing           |       |       |     1 ||     1
Armor: Skin              |     1 |     3 |     3 ||     7
Dodge: Dodged            |    12 |    33 |    21 ||    66
